AoeStats
← naphtaligrauer16

Northern Isles

510852476Analyzed
1v1 RM · 10h ago on Oct 2, 2026· 61m 0s· 2 players
Game mode
Random Map
Map size
Tiny (2 player)
Population
200
Speed
Normal
Resources
Standard
Victory
Conquest
Starting age
Dark Age
Ending age
Imperial Age
RankedLock teamsTeams togetherTeam positionsShared explorationLock speedFull tech treeHidden civsTurbo modeCheats
Victory
Defeat
🇩🇪 Malians · Germany
1494
+15
1479
-15
犯大吴疆土者盛必击而破之
7:42 Loom
9:44 Feudal Age
9:58 Man-at-Arms
11:01 Arson
16:31 Forging
16:21 Scale Mail Armor
16:20 Double-Bit Axe
20:54 Fletching
24:28 Fishing Lines
29:43 Castle Age
30:30 Bodkin Arrow
32:33 Crossbowman
53:28 Ballistics
58:24 Wheelbarrow
naphtaligrauer16
6:52 Loom
10:31 Feudal Age
11:01 Man-at-Arms
12:30 Horse Collar
20:05 Scale Mail Armor
20:16 Forging
22:44 Castle Age
22:56 Long Swordsman
29:09 Wheelbarrow
30:39 Chain Mail Armor
31:57 Arson
32:48 Squires
41:56 Imperial Age
44:07 Plate Mail Armor
44:12 Iron Casting
43:32 Double-Bit Axe
43:13 Two-Handed Swordsman
44:08 Champion
54:28 Chemistry
53:23 Fletching
54:40 Medium Warships
55:07 Town Watch
57:16 Heavy Warships
57:57 Careening
Connection lost

Rejoining the realm…

Still unreachable

The connection could not be restored.

Session expired

The server has moved on; the page needs a fresh start.